AoeStats
← 2ScareD23

Fortress

510725875Analyzed
1v1 RM · 21h ago on Oct 2, 2026· 26m 45s· 2 players
Game mode
Random Map
Map size
Small (3 player)
Population
200
Speed
Normal
Resources
Standard
Victory
Conquest
Starting age
Dark Age
Ending age
Imperial Age
RankedLock teamsTeams togetherTeam positionsShared explorationLock speedFull tech treeHidden civsTurbo modeCheats
Victory
Defeat
🇸🇪 Turks · Sweden
1270
+16
🇹🇷 Sicilians · Türkiye
1271
-16
Simooon7567
7:45 Feudal Age
9:56 Double-Bit Axe
12:18 Castle Age
13:51 Bow Saw
18:33 Imperial Age
16:22 Horse Collar
17:35 Padded Archer Armor
21:16 Fletching
2ScareD23
2:04 Loom
7:57 Feudal Age
12:10 Castle Age
10:02 Loom
12:18 Double-Bit Axe
12:15 Horse Collar
13:05 Fletching
20:10 Wheelbarrow
25:20 Imperial Age
23:51 Scale Barding Armor
24:56 Chain Barding Armor
25:09 Bloodlines
25:24 Husbandry
25:43 Cavalier
Connection lost

Rejoining the realm…

Still unreachable

The connection could not be restored.

Session expired

The server has moved on; the page needs a fresh start.